 Dungeon Crawl Stone Soup version 0.22-a0-185-ge330310 (webtiles) character file.

95972 Amnesiac the Nimble (level 15, -8/115 HPs)
             Began as a Mummy Earth Elementalist on Feb 15, 2018.
             Was a High Priest of Ashenzari.
             Mangled by a halberd of protection (15 damage)
             ... on level 2 of the Elven Halls.
             The game lasted 01:37:04 (36046 turns).

Amnesiac the Nimble (Mummy Earth Elementalist)     Turns: 36046, Time: 01:37:05

Health: -8/115     AC: 15    Str: 12    XL:     15   Next: 67%
Magic:  0/30       EV: 25    Int: 21    God:    Ashenzari [*****.]
Gold:   498        SH:  7    Dex: 12    Spells: 7/36 levels left

rFire    . . .     SeeInvis +   a - +4 dagger (venom) (curse)
rCold    + . .     Gourm    .   l - +2 buckler
rNeg     + + +     Faith    .   v - +3 leather armour {rF+}
rPois    ∞         Spirit   +   x - +2 helmet (curse)
rElec    .         Reflect  .   (no cloak)
rCorr    .         Harm     .   m - +2 pair of gloves (curse)
MR       +....     Clarity  +   w - +2 pair of boots (curse)
Stlth    ++++......             i - amulet of guardian spirit (curse)
HPRegen  0.29/turn              o - ring of wizardry (curse)
MPRegen  0.22/turn              q - +5 ring of evasion

@: no status effects
A: no food or potions, fire vulnerability, cold resistance 1, negative energy
resistance 3, torment resistance, unbreathing, in touch with death 1
a: Curse Item, Scrying, Transfer Knowledge, Renounce Religion


You were on level 2 of the Elven Halls.
You worshipped Ashenzari.
Ashenzari was extremely pleased with you.
You were not hungry.

You visited 4 branches of the dungeon, and saw 21 of its levels.
You also visited: Labyrinth, Sewer and Ice Cave.

You collected 2176 gold pieces.
You spent 1678 gold pieces at shops.

Inventory:

Hand Weapons
 a - a cursed +4 dagger of venom (weapon)
 A - a +0 blowgun
 H - a +1 antimagic demon blade
 I - the +10 hunting sling "Lelouw" {venom, MR++ Str+3 Dex-5 SInv}
   (You found it on level 1 of the Elven Halls)

   It poisons the ammo it fires.
   It affects your strength (+3).
   It affects your dexterity (-5).
   It affects your resistance to hostile enchantments.
   It lets you see invisible.
 N - a +2 quick blade of draining
Missiles
 f - 30 poisoned needles
 h - 14 curare-tipped needles
 r - 255 stones (quivered)
 D - 3 needles of sleeping
 J - 515 arrows
Armour
 l - a +2 buckler (worn)
 m - a cursed +2 pair of gloves (worn)
 v - a +3 leather armour of fire resistance (worn)
 w - a cursed +2 pair of boots (worn)
 x - a cursed +2 helmet (worn)
Jewellery
 i - a cursed amulet of guardian spirit (around neck)
 o - a cursed ring of wizardry (left hand)
 q - a +5 ring of evasion (right hand)
 E - an uncursed ring of protection from magic
Wands
 g - a wand of random effects (16)
 s - a wand of paralysis (30)
 t - a wand of digging (20)
 u - a wand of flame (110)
 C - a wand of iceblast (6)
 F - a wand of enslavement (15)
 G - a wand of polymorph (38)
 K - a wand of disintegration (10)
Scrolls
 c - 3 scrolls of magic mapping {!r}
 d - 4 scrolls of blinking {!r}
 e - a scroll of remove curse {!r}
 j - 5 scrolls of teleportation {!r}
 k - 2 scrolls of amnesia {!r}
 n - 6 scrolls of fog {!r}
 p - a scroll of identify {!r}
 z - a scroll of torment {!r}
 B - 2 scrolls of vulnerability {!r}
 L - a scroll of fear {!r}
 M - a scroll of brand weapon {!r}
Books
 b - a book of Cantrips

   Spells                             Type                      Level
   a - Confusing Touch                Hexes                        1
   b - Animate Skeleton               Necromancy                   1
   c - Summon Small Mammal            Summoning                    1
   d - Apportation                    Translocation                1
Miscellaneous
 y - a phial of floods


   Skills:
 - Level 10.0 Fighting
 - Level 8.0(12.0) Short Blades
 - Level 12.3(14.6) Dodging
 - Level 8.0(10.7) Stealth
 - Level 4.2 Shields
 + Level 11.3 Spellcasting
 - Level 10.5(12.9) Transmutations
 * Level 11.5(13.8) Earth Magic


You had 7 spell levels left.
You knew the following spells:

 Your Spells              Type           Power        Failure   Level  Hunger
a - Sandblast             Erth           ######       0%          1    N/A
b - Passwall              Tmut/Erth      ######....   1%          2    N/A
c - Stone Arrow           Conj/Erth      #####.       1%          3    N/A
d - Lee's Rapid Deconstr  Erth           ######....   1%          5    N/A
e - Petrify               Tmut/Erth      ######..     1%          4    N/A
f - Mephitic Cloud        Conj/Pois/Air  ##......     8%          3    N/A
g - Ozocubu's Armour      Chrm/Ice       ##......     8%          3    N/A
h - Sticks to Snakes      Tmut           ######..     1%          2    N/A
s - Conjure Flame         Conj/Fire      ##......     8%          3    N/A
v - Blink                 Tloc           N/A          4%          2    N/A
z - Confusing Touch       Hex            ##....       2%          1    N/A

Dungeon Overview and Level Annotations

Branches:
Dungeon (15/15)            Temple (0/1) D:6            Lair (0/6) D:10
    Orc (2/2) D:11            Elf (3/3) Orc:2        Vaults (0/5) D:14
 Depths (1/5) D:15

Altars:
Ashenzari
Cheibriados
Elyvilon
Kikubaaqudgha
Nemelex Xobeh
Qazlal
Ru
Sif Muna
Trog
Vehumet
Wu Jian
Yredelemnul
Zin

Shops:
D:7 }   D:11 }   Orc:2 :[?}

Annotations:
D:12 exclusions: storm dragon and yaktaur captain
Depths:1 Bai Suzhen, Nikola


Innate Abilities, Weirdness & Mutations

You do not eat or drink.
Your flesh is vulnerable to fire.
You are immune to poison.
Your flesh is cold resistant. (rC+)
You are immune to negative energy. (rN+++)
You are immune to unholy pain and torment.
You can survive without breathing.
You are in touch with the powers of death.


Message History

Press: ? - help, Dir - move target cursor The wall shatters!
The blast of rock fragments hits the quick blade of draining.
The quick blade of draining falls from the air.
The blast of rock fragments hits the halberd of protection.
The halberd of protection is moderately damaged.
The halberd of protection misses you.
A deep elf knight comes into view.
Ashenzari warns you: It is wielding a scimitar of holy wrath.
Unknown command.
Casting: Lee's Rapid Deconstruction (safe; 1% risk of failure)
Confirm with . or Enter, or press ? or * to list all spells.
You don't have enough magic to cast that spell.
Throwing (i - inventory)
r - 255 stones (quivered)
Press: ? - help, Shift-Dir - straight line, f - halberd of protection
Aim: a halberd of protection (moderately damaged)
Okay, then.
The deep elf knight gestures wildly while chanting.
The deep elf knight seems to speed up.
The halberd of protection hits you!
Things that are here:
a +2 quick blade of draining; a +0 long sword of flaming
Okay, then.
Unknown command.
N - a +2 quick blade of draining The deep elf knight moves out of view.
The halberd of protection hits you!
You can't unwield your weapon to draw a new one!
Okay, then.
Put on which piece of jewellery? (? for menu, Esc to quit)
Okay, then.
Unknown command.
The halberd of protection hits you but does no damage.
The halberd of protection hits you but does no damage.
The deep elf knight unwields an uncursed scimitar of holy wrath.
It stops glowing.
The deep elf knight wields a shortbow.
The deep elf knight shoots an arrow.
The arrow hits you but does no damage.
The deep elf knight casts a spell at you.
The shard of ice hits you! You partially resist.
You see here an arrow.
The deep elf knight shoots an arrow.
You block the arrow.
The halberd of protection hits you from afar!
* * * LOW HITPOINT WARNING * * *
The deep elf knight shoots an arrow.
The arrow hits you but does no damage.
You see here 2 arrows.
Things that are here:
a +1 dagger of protection; an uncursed ring mail The halberd of protection hits you from afar!
* * * LOW HITPOINT WARNING * * *
The deep elf knight shoots an arrow.
The arrow closely misses you.
You see here an arrow.
Casting: Lee's Rapid Deconstruction (safe; 1% risk of failure)
Confirm with . or Enter, or press ? or * to list all spells.
Which direction?
The halberd of protection closely misses you.
The deep elf knight shoots an arrow.
The arrow completely misses you.
The halberd of protection completely misses you.
You begin to meditate on the wall.
You continue meditating on the rock.
The deep elf knight points at you and mumbles some strange words.
The shard of ice hits you! You partially resist.
* * * LOW HITPOINT WARNING * * *
The halberd of protection barely misses you.
The deep elf knight shoots an arrow.
The arrow misses you.
You continue meditating on the rock.
The halberd of protection hits you from afar!
You die...

...#...........#.#.## , , ,
.>.##..........#..## *, ,,,, ,
...#.#.#.......#.#.## * ,,, ,,
###.###....#....[...#** , , , ,,
.#.###.#..###..#.##.# , , ,,
#.###..##..#..##....# , ,, ,,,
##.#.....!#.#######.# * , , ,
#..........# ####.# * ,,* ,
##...####.### #@...# *, ,***
..)....##.######....#* ,,
.....(.##....##.(...# *,..###..
, ...........).......## ...#...
#..).####.#.)e).....# ##.......
,
.()....######(#########........,
..#.#### #...# #......... ,
.#### ###..(### #......... , .##
#...#...# #......... ,


You could see a deep elf knight and a halberd of protection.

Vanquished Creatures
  A reaper (IceCv)
  A deep elf annihilator (Elf:2)
  A minotaur (Lab)
  An ettin (D:15)
  Snorg (D:13)
  A deep elf death mage (Elf:1)
  A fire dragon (D:15)
  3 vault guards (D:14)
  2 hydras
  Harold (Orc:2)
  3 centaur warriors
  12 dancing weapons
  5 two-headed ogres
  2 tengu warriors (D:15)
  5 orc high priests (Orc:2)
  Sonja (D:12)
  9 deep elf knights
  5 skeletal warriors (D:14)
  An unseen horror (D:14)
  A hell knight (D:15)
  2 wizards (D:14)
  6 orc knights
  Pikel (D:4)
  7 deep elf archers
  2 wolf spider zombies
  33 deep elf magi
  An orc sorcerer (Orc:1)
  5 manticores
  10 ugly things
  4 cyclopes
  2 ice statues (IceCv)
  3 gargoyles
  4 orange demons
  A komodo dragon (D:15)
  A kobold demonologist (D:13)
  11 ice devils (IceCv)
  5 trolls
  3 slime creatures (D:12)
  5 hippogriffs
  An air elemental (Elf:1)
  A redback (D:12)
  A tarantella (shapeshifter) (D:15)
  5 wyverns
  2 fire elementals
  5 water elementals
  2 shadows
  A wraith (D:13)
  5 hungry ghosts
  Eustachio (D:5)
  A basilisk (D:10)
  17 humans (D:14)
  12 yaks
  7 vampire mosquitoes
  A soldier ant (D:12)
  Edmund (D:5)
  A warg (Orc:2)
  2 water moccasins
  Duvessa (D:5)
  A swamp drake (D:10)
  Purgy (Sewer)
  4 sky beasts
  6 ice beasts
  4 slaves (D:5)
  35 orc warriors
  3 eyes of draining
  A black bear (D:9)
  A hornet zombie (D:15)
  2 phantoms
  5 ogres
  11 centaurs
  2 crocodiles
  7 big kobolds
  2 earth elementals
  A gnoll sergeant (D:6)
  A wyvern zombie (D:9)
  5 bullfrogs
  5 scorpions
  2 troll zombies (D:13)
  Dowan (D:5)
  10 wights
  2 howler monkeys
  5 electric eels (D:13)
  4 crimson imps
  6 hounds
  2 quasits
  6 human zombies (D:13)
  2 bullfrog zombies
  3 centaur zombies
  8 centaur skeletons
  2 jellies
  3 bullfrog skeletons
  30 orc priests
  4 iguanas
  20 orc wizards
  10 worker ants
  A killer bee zombie (D:7)
  An ogre zombie (D:13)
  A hound zombie (D:5)
  A mummy (D:13)
  A howler monkey skeleton (D:10)
  12 adders
  19 gnolls
  2 shadow imps
  5 white imps (IceCv)
  7 ufetubi (IceCv)
  An ooze (D:1)
  An adder skeleton (D:8)
  An adder zombie (D:8)
  7 worms
  2 dart slugs
  6 leopard geckos
  93 orcs
  6 giant cockroaches
  2 gnoll zombies (D:6)
  4 goblins
  6 hobgoblins
  11 jackals
  6 quokkas
  2 ball pythons
  3 bats (D:1)
  5 frilled lizards
  2 jackal skeletons (D:4)
  22 kobolds
  A quokka skeleton (D:5)
  A quokka zombie (D:5)
  13 rats
  2 plants (D:13)
694 creatures vanquished.

Vanquished Creatures (others)
  A hungry ghost (D:15)
  3 white imps (IceCv)
  4 ufetubi (IceCv)
  5 plants (D:13)
13 creatures vanquished.

Grand Total: 707 creatures vanquished

Notes
Turn   | Place    | Note
-------+----------+-------------------------------------------
     0 | D:1      | Amnesiac the Mummy Earth Elementalist began the quest for the Orb.
     0 | D:1      | Reached XP level 1. HP: 13/13 MP: 4/4
    94 | D:1      | Found a shattered altar of Ashenzari.
   116 | D:1      | Became a worshipper of Ashenzari the Shackled
   118 | D:1      | Reached skill level 1 in Short Blades
   118 | D:1      | Reached XP level 2. HP: 9/19 MP: 2/5
   122 | D:1      | Learned a level 2 spell: Passwall
   338 | D:1      | Reached skill level 1 in Transmutations
   995 | D:2      | Reached XP level 3. HP: 24/24 MP: 7/7
  1651 | D:3      | Found an ornate altar of the Wu Jian Council.
  1657 | D:3      | Reached XP level 4. HP: 25/30 MP: 4/8
  1678 | D:3      | Learned a level 4 spell: Petrify
  1712 | D:3      | Found a deep blue altar of Sif Muna.
  1881 | D:3      | Reached * piety under Ashenzari
  2273 | D:4      | Reached XP level 5. HP: 32/35 MP: 1/9
  2897 | D:5      | Entered Level 5 of the Dungeon
  2983 | D:5      | Noticed a centaur
  2997 | D:5      | Killed a centaur
  2997 | D:5      | Reached XP level 6. HP: 22/41 MP: 8/10
  3380 | D:5      | Noticed Edmund
  3400 | D:5      | Killed Edmund
  3528 | D:5      | Noticed Eustachio
  3553 | D:5      | Killed Eustachio
  3553 | D:5      | Reached XP level 7. HP: 46/46 MP: 1/12
  4363 | D:5      | Found a white marble altar of Elyvilon.
  4398 | D:5      | Noticed Pikel
  4700 | D:5      | Found a radiant altar of Vehumet.
  4703 | D:5      | Found a glowing silver altar of Zin.
  4706 | D:5      | Found a sacrificial altar of Ru.
  4732 | D:5      | Noticed Dowan
  4745 | D:5      | Killed Dowan
  4836 | D:5      | Noticed Duvessa
  4972 | D:5      | Killed Duvessa
  5342 | D:4      | Killed Pikel
  5342 | D:4      | Reached skill level 5 in Spellcasting
  5342 | D:4      | Reached skill level 5 in Transmutations
  5342 | D:4      | Reached skill level 5 in Earth Magic
  5342 | D:4      | Reached XP level 8. HP: 51/52 MP: 6/15
  5422 | D:6      | Found a glowing drain.
  5454 | Sewer    | Entered a sewer
  5613 | Sewer    | Noticed Purgy
  5622 | Sewer    | Killed Purgy
  5789 | D:6      | Found a staircase to the Ecumenical Temple.
  5931 | D:6      | Learned a level 5 spell: Lee's Rapid Deconstruction
  5935 | D:6      | Learned a level 3 spell: Stone Arrow
  6128 | D:6      | Noticed a seven-headed hydra
  6141 | D:6      | Killed a seven-headed hydra
  6141 | D:6      | Reached XP level 9. HP: 57/57 MP: 8/16
  6557 | D:6      | Found a bloodstained altar of Trog.
  6921 | D:6      | Found a basalt altar of Yredelemnul.
  7198 | D:7      | Reached ** piety under Ashenzari
  7296 | D:7      | Found a snail-covered altar of Cheibriados.
  7338 | D:7      | Found Wuff's Gadget Shop.
  8723 | D:8      | Identified the +8 hand axe "Embalmer" {flame, *Drain +Blink Str+7 SInv}
  8724 | D:8      | Found a stormy altar of Qazlal.
  8965 | D:8      | Found a stormy altar of Qazlal.
  9618 | D:9      | Reached XP level 10. HP: 61/63 MP: 13/18
  9682 | D:9      | Noticed a two-headed ogre
  9688 | D:9      | Killed a two-headed ogre
  9699 | D:9      | Noticed a two-headed ogre
  9710 | D:9      | Killed a two-headed ogre
  9770 | D:9      | Reached skill level 5 in Stealth
  9773 | D:9      | Reached *** piety under Ashenzari
 10427 | D:10     | Entered Level 10 of the Dungeon
 10983 | D:10     | Reached skill level 1 in Fighting
 10983 | D:10     | Reached XP level 11. HP: 71/72 MP: 14/20
 11013 | D:10     | Noticed a cyan ugly thing
 11024 | D:10     | Killed a cyan ugly thing
 11153 | D:10     | Reached skill level 2 in Dodging
 11440 | D:10     | Reached skill level 3 in Dodging
 11991 | D:10     | Found a staircase to the Lair.
 12321 | D:11     | Reached skill level 4 in Dodging
 12488 | D:11     | Found a staircase to the Orcish Mines.
 12699 | D:11     | Learned a level 2 spell: Blink
 12773 | D:11     | Learned a level 3 spell: Mephitic Cloud
 12935 | D:11     | Reached **** piety under Ashenzari
 13075 | D:11     | Found Qihuix's Gadget Boutique.
 13433 | Orc:1    | Entered Level 1 of the Orcish Mines
 13451 | Orc:1    | Found a frozen archway.
 13486 | IceCv    | Entered an ice cave
 15306 | IceCv    | Noticed a reaper
 15666 | IceCv    | Got the cursed robe of the Ant {Slay+3}
 15923 | IceCv    | Killed a reaper
 16256 | IceCv    | Reached XP level 12. HP: 73/83 MP: 8/23
 16654 | Orc:1    | Noticed Harold
 17452 | Orc:2    | Entered Level 2 of the Orcish Mines
 17456 | Orc:2    | Found a labyrinth entrance.
 17629 | Lab      | Entered a labyrinth
 18216 | Lab      | Noticed a minotaur
 18217 | Lab      | Identified the cursed +0 hand crossbow of Pyeqel {velocity, -Tele rC+++ Str-2 Dex+9}
 18220 | Lab      | Killed a minotaur
 18221 | Lab      | Identified Sif Muna's Tome of the Lumpy Nights
 18222 | Lab      | Got the uncursed chain mail of the Poles {rPois}
 18268 | Orc:2    | Found a staircase to the Elven Halls.
 18359 | Orc:2    | Noticed an orc high priest
 18381 | Orc:2    | Killed an orc high priest
 19227 | Orc:2    | Noticed an orc high priest
 19476 | Orc:2    | Killed an orc high priest
 19708 | Orc:2    | Noticed an orc high priest
 19716 | Orc:2    | Killed an orc high priest
 20248 | Orc:1    | Paralysed by an orc sorcerer for 6 turns
 20861 | Orc:2    | Killed Harold
 20874 | Orc:2    | Identified the +7 chain mail of the Poles {rPois} (You found it in a labyrinth)
 20909 | Orc:2    | Learned a level 3 spell: Ozocubu's Armour
 20913 | Orc:2    | Learned a level 3 spell: Conjure Flame
 21576 | Orc:2    | Noticed an orc high priest
 21588 | Orc:2    | Killed an orc high priest
 21588 | Orc:2    | Gained mutation: You are in touch with the powers of death. [Mummy growth]
 21588 | Orc:2    | Reached XP level 13. HP: 78/88 MP: 13/26
 21670 | Orc:2    | Found Jaggulej's Gadget Boutique.
 21670 | Orc:2    | Found Irump's Magic Scroll Boutique.
 21671 | Orc:2    | Found Homoonocs's Antique Armour Shop.
 21671 | Orc:2    | Found Zoxteh's Book Boutique.
 21689 | Orc:2    | Bought a manual of Dodging for 1435 gold pieces
 21790 | D:12     | Reached ***** piety under Ashenzari
 21946 | D:12     | Noticed Sonja
 21957 | D:12     | Killed Sonja
 21957 | D:12     | Reached skill level 5 in Dodging
 22254 | D:12     | Reached skill level 6 in Dodging
 22340 | D:12     | Reached skill level 7 in Dodging
 22789 | D:12     | Reached skill level 8 in Dodging
 23165 | D:12     | Reached skill level 9 in Dodging
 23232 | D:12     | Noticed a storm dragon
 23917 | D:13     | Noticed Snorg
 23930 | D:13     | Killed Snorg
 23959 | D:13     | Reached skill level 10 in Dodging
 23965 | D:13     | Found an ancient bone altar of Kikubaaqudgha.
 25063 | D:13     | Reached skill level 11 in Dodging
 25982 | D:14     | Found a gate to the Vaults.
 25998 | D:14     | Reached XP level 14. HP: 71/96 MP: 14/27
 26602 | D:14     | Learned a level 2 spell: Sticks to Snakes
 26675 | D:14     | Reached skill level 5 in Fighting
 26933 | D:14     | Reached skill level 10 in Earth Magic
 27030 | D:14     | Reached skill level 10 in Transmutations
 27469 | D:14     | Reached skill level 10 in Spellcasting
 27764 | D:15     | Entered Level 15 of the Dungeon
 27917 | D:15     | Found a sparkling altar of Nemelex Xobeh.
 28620 | D:15     | Found a staircase to the Depths.
 28919 | Depths:1 | Entered Level 1 of the Depths
 28919 | Depths:1 | Noticed Bai Suzhen
 28922 | Depths:1 | Noticed a lich
 28923 | Depths:1 | Noticed Nikola
 29110 | Orc:2    | Bought a shiny helmet for 172 gold pieces
 29118 | Orc:2    | Bought a scroll of remove curse for 33 gold pieces
 29118 | Orc:2    | Bought a scroll of fear for 38 gold pieces
 29159 | Elf:1    | Entered Level 1 of the Elven Halls
 31509 | Elf:1    | Reached XP level 15. HP: 80/108 MP: 4/29
 32041 | Elf:2    | Reached skill level 12 in Dodging
 33258 | Elf:1    | Identified the +10 hunting sling "Lelouw" {venom, MR++ Str+3 Dex-5 SInv}
 34158 | Elf:2    | Found a runed gate.
 34158 | Elf:2    | Found a runed gate.
 34163 | Elf:2    | Found a runed gate.
 34196 | Elf:2    | Reached ****** piety under Ashenzari
 34537 | Elf:2    | Noticed a deep elf blademaster
 34543 | Elf:2    | Learned a level 1 spell: Confusing Touch
 34895 | Elf:3    | Entered Level 3 of the Elven Halls
 35605 | Elf:2    | Reached skill level 10 in Fighting
 36046 | Elf:2    | Mangled by a halberd of protection

Vault maps used:
D:1:      dpeg_arrival_simpleton_c, ashenzari_altar_1
D:2:      first_ration, minmay_pentomino_q2
D:3:      overflow_temple_1_default, old_standard_altar
D:5:      lemuel_coloured_pillars_altar, grunt_temple_overflow_diamond,
          kennysheep_generic_room_3, uniq_pikel, uniq_edmund, uniq_eustachio,
          uniq_duvessa
D:6:      kennysheep_mini, lemuel_zombie_altar_yredelemnul,
          minmay_temple_entry_large_hall, gup_sewer_entry_glass,
          grunt_ministairs_6
D:7:      lemuel_round_altar, serial_shops, nicolae_shop_waterfront
D:8:      lemuel_doored_altar, nicolae_qazlal_general_emergency
D:10:     erik_lair_dragon
D:11:     david_orc_2, serial_shops, shop_statue
D:12:     minmay_expanding_squares, uniq_sonja
D:13:     serial_bayou, serial_bayou_pond_e, serial_bayou_pond_c,
          serial_bayou_pond_d, serial_bayou_lagoon_b, blue_anna_alchemist,
          lemuel_mausoleum_altar_kikubaaqudgha, uniq_snorg
D:14:     grunt_vaults_entry_tiered, kennysheep_nondescript,
          minmay_misc_feat_tower, einodemon_barbed_minivault
D:15:     hangedman_depths_entry_civil_slaughter,
          nemelex_xobeh_ov_fountains_minmay
Orc:1:    portal_ice_cave_entry_pillars_2, uniq_harold
Orc:2:    st_orc_pillars, lab_entry_generic, nicolae_orc_bridge_out
Elf:1:    elf_arrival_001, minmay_elf_crystal_heptagon, abandoned_shop
Elf:2:    nrook_loot_triangle
Elf:3:    elf_hall_gauntlet_wide
Depths:1: hell_entry, serial_bayou_pond_e, nicolae_elemental_shop,
          roderic_lattice_octagonal_star, uniq_bai_suzhen, uniq_nikola
Lab:      nicolae_lab_big_swirl
Sewer:    kennysheep_door_sewer
IceCv:    ice_cave_small_demon

Skill      XL: |  1  2  3  4  5  6  7  8  9 10 11 12 13 14 15 |
---------------+----------------------------------------------+-----
Short Blades   | 1 3 6 8 |  8.0
Transmutations | 1 2 3 5 6 7 9 10 | 10.5
Spellcasting   | 3 5 6 7 9 10 11 | 11.3
Earth Magic    | 3 5 6 7 9 11 | 11.5
Stealth        | 2 3 8 |  8.0
Fighting       | 1 4 7 10 | 10.0
Dodging        | 4 11 12 | 12.3
Shields        | 4 |  4.2

Action                   |  1- 3 |  4- 6 |  7- 9 | 10-12 | 13-15 || total
-------------------------+-------+-------+-------+-------+-------++-------
Melee: Short sword       |    13 |       |       |       |       ||    13
       Unarmed           |     8 |       |       |       |       ||     8
       Dagger            |    60 |    93 |   296 |   936 |   684 ||  2069
       Rapier            |       |       |   122 |       |       ||   122
Throw: Stone             |       |       |       |       |     1 ||     1
 Cast: Sandblast         |    33 |    70 |    15 |    21 |    70 ||   209
       Passwall          |     1 |       |       |    33 |    46 ||    80
       Petrify           |       |     5 |    58 |   210 |   233 ||   506
       Lee's Rapid Decon |       |       |     3 |    39 |   131 ||   173
       Conjure Flame     |       |       |       |       |     3 ||     3
Invok: Curse Item        |       |       |     3 |       |     3 ||     6
Evoke: Wand              |       |       |       |     2 |       ||     2
  Use: Scroll            |       |       |    14 |     7 |    12 ||    33
 Stab: Sleeping          |     6 |     1 |     6 |     8 |    41 ||    62
       Distracted        |     1 |       |       |       |     2 ||     3
       Petrified         |       |    19 |    37 |    85 |   123 ||   264
       Petrifying        |       |     1 |    11 |    49 |    41 ||   102
Armor: Robe              |    13 |    15 |       |       |       ||    28
       Leather armour    |       |    10 |   137 |   219 |   140 ||   506
Dodge: Dodged            |    46 |    71 |   161 |   440 |   333 ||  1051
Block: Buckler           |       |       |       |    46 |   143 ||   189

Table legend:
 A = Spawn XP
 B = Non-spawn XP
 C = Spawn XP percentage of total XP
 D = Spawn monster count
 E = Non-spawn monster count
 F = Spawn count percentage of total count
 G = Total turns spent on level
                    A         B        C        D         E        F      G
               +---------+---------+-------+---------+---------+-------+---------
         Total |       0 |  137103 |   0.0 |       0 |     689 |   0.0 | 36046
               +---------+---------+-------+---------+---------+-------+---------
           D:1 |       0 |      37 |   0.0 |       0 |      19 |   0.0 |  1055
           D:2 |       0 |      45 |   0.0 |       0 |      16 |   0.0 |   756
           D:3 |       0 |      87 |   0.0 |       0 |      25 |   0.0 |   655
           D:4 |       0 |     888 |   0.0 |       0 |      16 |   0.0 |  1101
           D:5 |       0 |     934 |   0.0 |       0 |      22 |   0.0 |  2169
           D:6 |       0 |    1484 |   0.0 |       0 |      28 |   0.0 |  1652
           D:7 |       0 |     308 |   0.0 |       0 |      12 |   0.0 |  1194
           D:8 |       0 |    1014 |   0.0 |       0 |      18 |   0.0 |   889
           D:9 |       0 |    4536 |   0.0 |       0 |      36 |   0.0 |  1727
          D:10 |       0 |    4433 |   0.0 |       0 |      39 |   0.0 |  1387
          D:11 |       0 |    2644 |   0.0 |       0 |      44 |   0.0 |  1684
          D:12 |       0 |    9251 |   0.0 |       0 |      35 |   0.0 |  1854
          D:13 |       0 |    6667 |   0.0 |       0 |      42 |   0.0 |  1913
          D:14 |       0 |   26485 |   0.0 |       0 |      72 |   0.0 |  2329
          D:15 |       0 |   13995 |   0.0 |       0 |      37 |   0.0 |  1095
         Orc:1 |       0 |    4204 |   0.0 |       0 |      31 |   0.0 |  2700
         Orc:2 |       0 |   11144 |   0.0 |       0 |      97 |   0.0 |  3068
         Elf:1 |       0 |   15970 |   0.0 |       0 |      27 |   0.0 |  2140
         Elf:2 |       0 |   24471 |   0.0 |       0 |      36 |   0.0 |  2779
         Elf:3 |       0 |    1178 |   0.0 |       0 |       2 |   0.0 |    55
           Lab |       0 |    1517 |   0.0 |       0 |       3 |   0.0 |   596
         Sewer |       0 |     238 |   0.0 |       0 |       6 |   0.0 |   183
         IceCv |       0 |    5573 |   0.0 |       0 |      26 |   0.0 |  3061
               +---------+---------+-------+---------+---------+-------+---------
